 Dungeon Crawl Stone Soup version 0.28.0-53-g5a82cb258f (webtiles) character file.

Game seed: 13763352536555034353

5329 SanguineChosen the Slicer (level 10, -3/63 HPs)
             Began as a Gargoyle Monk on June 28, 2022.
             Killed from afar by Erica (9 damage)
             ... with a lance of force
             ... on level 9 of the Dungeon on June 29, 2022.
             The game lasted 01:05:21 (14224 turns).

SanguineChosen the Slicer (Gargoyle Monk)          Turns: 14224, Time: 01:05:22

Health: -3/63      AC: 26    Str: 23    XL:     10   Next: 64%
Magic:  10/10      EV: 13    Int: 12    God:
Gold:   673        SH:  0    Dex: 12    Spells: 9/9 levels left

rFire   . . .      SeeInvis .   t - +6 mace (protect)
rCold   . . .      Faith    .   (no shield)
rNeg    + . .      Spirit   .   m - +0 ring mail of the Bagpipe {Str+5}
rPois   ∞          Reflect  .   u - +0 helmet
rElec   +          Harm     .   (no cloak)
rCorr   .          Rampage  .   p - +0 pair of gloves
Will    .....                   e - +2 pair of boots
Stlth   +.........              (no amulet)
HPRegen 0.20/turn               (no ring)
MPRegen 0.12/turn               (no ring)

@: confused, under a protective aura, on berserk cooldown, slowed, studying
Short Blades, very slow
A: sickness immunity, AC +7, negative energy resistance 1, electricity
resistance, torment resistance 1, petrification resistance
a: no special abilities


You were on level 9 of the Dungeon.
You visited 1 branch of the dungeon, and saw 9 of its levels.
You also visited: Sewer.

You collected 673 gold pieces.

Inventory:

Hand Weapons
 a - a +0 mace
 f - a +2 dagger of venom
 l - a +2 whip of freezing
 s - a +1 hand axe of flaming
 t - a +6 mace of protection (weapon)
 w - a +0 vorpal battleaxe
 B - a +3 quarterstaff
 D - the +6 scythe of Ymummyq {flame, rCorr Str-2 Dex+7 Stlth+}
   (You found it on level 7 of the Dungeon)

   It burns those it strikes, dealing additional fire damage.
   Big, fiery blades are also staple armaments of hydra-hunters.
   Str:       It affects your strength (-2).
   Dex:       It affects your dexterity (+7).
   rCorr:     It protects you from acid and corrosion.
   Stlth:     It makes you more stealthy.
Missiles
 x - 5 curare-tipped darts
 C - 3 poisoned darts (quivered)
Armour
 b - a +0 robe
 c - a +2 ring mail
 e - a +2 pair of boots (worn)
 j - a +2 robe of willpower
 m - the +0 ring mail of the Bagpipe (worn) {Str+5}
   (You found it on level 8 of the Dungeon)

   Str:       It affects your strength (+5).
 p - a +0 pair of gloves (worn)
 u - a +0 helmet (worn)
Wands
 v - a wand of paralysis (9)
 y - a wand of charming (8)
Scrolls
 d - 3 scrolls of identify {unknown}
 g - 4 scrolls of teleportation
 i - a scroll of noise {unknown}
 k - 2 scrolls of amnesia
 o - a scroll of blinking
 z - a scroll of magic mapping {unknown}
 A - a scroll of fear
 E - a scroll of acquirement {unknown}
Potions
 h - a potion of ambrosia {unknown}
 q - a potion of brilliance
 r - a potion of flight


   Skills:
 * Level 7.3 Fighting
 - Level 8.0 Short Blades
 * Level 6.5 Maces & Flails
 + Level 1.1 Throwing
 + Level 6.5 Armour
 + Level 5.6 Dodging
 + Level 4.3 Stealth
 + Level 1.8 Evocations


You had 9 spell levels left.
You didn't know any spells.
Your spell library contained the following spells:

 Spells                   Type           Power      Damage    Failure   Level
 Freeze                   Ice            0%         1d3       45%         1
 Pain                     Necr           0%         1d4       45%         1
 Confusing Touch          Hex            0%         N/A       83%         3
 Frozen Ramparts          Ice            0%         1d2       83%         3
 Gell's Gravitas          Tloc           0%         N/A       83%         3
 Teleport Other           Tloc           0%         N/A       83%         3
 Hailstorm                Conj/Ice       0%         3d3       99%         4
 Agony                    Necr           0%         N/A       100%        5
 Excruciating Wounds      Necr           0%         N/A       100%        5
 Yara's Violent Unravell  Hex/Tmut       0%         3d3       100%        5
 Dispersal                Tloc           0%         N/A       100%        6
 Enfeeble                 Hex            0%         N/A       100%        7


Dungeon Overview and Level Annotations

Branches:
Dungeon (9/15)             Temple (0/1) D:5           Sewer (visited)
   Lair: D:8-11         Orc: D:9-12

Altars:
Fedhas
Hepliaklqana
Ru
Wu Jian
Xom

Annotations:
D:9 Erica


Innate Abilities, Weirdness & Mutations

You are immune to sickness and miasma.
Your stone body is resilient. (AC +7)
You are immune to poison.
You resist negative energy. (rN+)
You are resistant to electric shocks. (rElec)
You are resistant to unholy torment.
You are immune to petrification.


Message History

Something hits you.
* * * LOW HITPOINT WARNING * * *
Something burns you.
* * * LOW HITPOINT WARNING * * *
Something hits you but does no damage.
You sock something!
Your weapon exudes an aura of protection.
Something barely misses you.
You hit something. Something hits you.
* * * LOW HITPOINT WARNING * * *
Something burns you.
* * * LOW HITPOINT WARNING * * *
Something hits you but does no damage.
You closely miss something.
Something hits you but does no damage. x2
You sock something! Something hits you but does no damage.
You thump something!
You hear some strange, mumbled words.
A bolt of poison appears from out of thin air!
The bolt of poison misses you. Something hits you.
* * * LOW HITPOINT WARNING * * *
Something burns you.
* * * LOW HITPOINT WARNING * * *
Aiming: Paralyse
Press: ? - help, Q - select action, (/) - cycle Shift-Dir - straight line Nothing appears to happen.
Erica appears from thin air!
Reactivating autopickup.
Erica hits you but does no damage.
You thump Erica!
Erica is severely wounded.
Erica gestures at you while chanting.
You are confused.
Erica hits you with a +0 scimitar of flaming.
* * * LOW HITPOINT WARNING * * *
Erica burns you.
* * * LOW HITPOINT WARNING * * *
You bump into the rock wall.
Erica casts a spell at you. The lance of force hits you!
You die...

....................#
..........#..######.#
.##.#######.## . #.#
#.# #.# #.# #.# #.#
#.# #.# #.#
#.########## #.#
#...Z@@....# #.#
##########.# ##.##
##...## #.....##
.......# #.....##
##...## ####### #..##
#.....#


You could see Erica and a howler monkey zombie.

Vanquished Creatures
  A boulder beetle (D:6)
  Pikel (D:8)
  2 hornets
  Grinder (D:5)
  Sigmund (D:7)
  A wyvern (D:8)
  Edmund (D:7)
  2 water moccasins
  4 orc warriors
  An ice beast (D:6)
  A hornet zombie (D:8)
  2 sky beasts
  An ogre (D:6)
  A kobold brigand (D:8)
  2 phantoms
  The ghost of bnorton916 the Magician, an amateur DEFE (D:3)
  Blork the orc (D:6)
  3 bullfrogs
  A wyvern zombie (D:7)
  4 scorpions
  A water moccasin skeleton (D:3)
  A centaur zombie (D:9)
  2 bullfrog zombies (D:5)
  2 jellies
  2 gnoll shamans
  4 orc priests
  2 hounds
  A bullfrog skeleton (D:6)
  2 centaur skeletons (D:6)
  4 iguanas
  Terence (D:2)
  5 orc wizards
  A killer bee zombie (D:5)
  A hound zombie (D:5)
  A hound skeleton (D:5)
  2 howler monkey zombies (D:5)
  16 gnolls
  A howler monkey skeleton (D:3)
  17 adders
  3 river rats (Sewer)
  4 shadow imps
  4 worms
  5 dart slugs
  26 orcs
  9 ball pythons
  17 bats
  7 endoplasms
  10 giant cockroaches
  10 goblins
  7 hobgoblins
  3 jackals
  11 kobolds
  9 quokkas
  4 frilled lizards
  10 rats
237 creatures vanquished.

Notes
Turn   | Place    | Note
-------+----------+-------------------------------------------
     0 | D:1      | SanguineChosen the Gargoyle Monk began the quest for the
                  | Orb.
     0 | D:1      | Reached XP level 1. HP: 14/14 MP: 1/1
   169 | D:1      | Reached XP level 2. HP: 18/19 MP: 2/2
   836 | D:1      | Reached XP level 3. HP: 8/24 MP: 3/3
  1768 | D:2      | Noticed Terence
  1787 | D:2      | Killed Terence
  1788 | D:2      | Reached XP level 4. HP: 11/29 MP: 4/4
  1905 | D:2      | Reached skill level 1 in Armour
  2271 | D:2      | Reached skill level 1 in Short Blades
  2274 | D:2      | Noticed a great orb of eyes
  2300 | D:2      | Noticed a golden eye
  2306 | D:2      | Found a faded altar of an unknown god.
  2308 | D:2      | Noticed an eye of devastation
  2310 | D:2      | Noticed an eye of devastation
  2330 | D:2      | You fall into a shaft and drop 1 floor!
  2333 | D:3      | Reached XP level 5. HP: 33/33 MP: 5/5
  2525 | D:2      | Found an ornate altar of the Wu Jian Council.
  3052 | D:2      | Reached skill level 2 in Short Blades
  3052 | D:2      | Reached XP level 6. HP: 38/38 MP: 6/6
  3919 | D:3      | Noticed bnorton916's ghost (amateur DEFE)
  3920 | D:3      | Found a transporter.
  4309 | D:3      | Found a transporter.
  4336 | D:3      | Killed bnorton916's ghost
  4521 | D:4      | Reached skill level 3 in Short Blades
  4596 | D:4      | Reached XP level 7. HP: 37/44 MP: 7/7
  6316 | D:5      | Entered Level 5 of the Dungeon
  6342 | D:5      | Reached skill level 4 in Short Blades
  6833 | D:5      | Reached XP level 8. HP: 46/48 MP: 8/8
  7285 | D:5      | Reached skill level 5 in Short Blades
  7390 | D:5      | Found a staircase to the Ecumenical Temple.
  8060 | D:6      | Reached skill level 5 in Fighting
  8060 | D:6      | Reached skill level 1 in Evocations
  8270 | D:6      | Reached skill level 6 in Short Blades
  8294 | D:6      | Found a glowing drain.
  8328 | Sewer    | Entered a sewer
  9182 | Sewer    | Reached skill level 5 in Armour
  9846 | D:6      | Noticed Grinder
  9853 | D:6      | Reached XP level 9. HP: 17/54 MP: 9/9
  9899 | D:5      | Paralysed by Grinder for 6 turns
  9916 | D:5      | Paralysed by Grinder for 7 turns
  9967 | D:5      | Paralysed by Grinder for 2 turns
 10040 | D:5      | Paralysed by Grinder for 2 turns
 10068 | D:5      | Paralysed by Grinder for 4 turns
 10082 | D:5      | Killed Grinder
 10381 | D:6      | Noticed a boulder beetle
 10393 | D:6      | Killed a boulder beetle
 10394 | D:6      | Reached skill level 7 in Short Blades
 10929 | D:6      | Noticed Blork the orc
 10947 | D:6      | Killed Blork the orc
 11420 | D:7      | Found a sacrificial altar of Ru.
 11555 | D:7      | Identified the +1 robe of the Barracuda {Archmagi}
 11658 | D:7      | Reached skill level 5 in Dodging
 11894 | D:7      | Found a hazy altar of Hepliaklqana.
 12198 | D:7      | Noticed Sigmund
 12199 | D:7      | Identified the +6 scythe of Ymummyq {flame, rCorr Str-2
                  | Dex+7 Stlth+}
 12211 | D:7      | Killed Sigmund
 12212 | D:7      | Reached XP level 10. HP: 60/61 MP: 10/10
 12226 | D:7      | Noticed Edmund
 12238 | D:7      | Killed Edmund
 12239 | D:7      | Reached skill level 1 in Throwing
 12371 | D:7      | Found a blossoming altar of Fedhas.
 12371 | D:7      | Found a shimmering altar of Xom.
 12436 | D:8      | Reached skill level 8 in Short Blades
 12436 | D:8      | Reached skill level 5 in Maces & Flails
 13203 | D:8      | Identified the +0 ring mail of the Bagpipe {Str+5}
 13462 | D:8      | Noticed Pikel
 13491 | D:8      | Killed Pikel
 14181 | D:9      | Noticed Erica
 14224 | D:9      | Killed from afar by Erica

Illustrated notes

Levels and vault maps discovered:
D:1:      dpeg_arrival_rhombus, layout_loops_ring
D:2:      layout_basic, hellmonk_ecumenical_altar_watching_god, basic_altar,
          minmay_cut_off, uniq_terence
D:3:      layout_loops_corners, gammafunk_ghost_mausoleum, minmay_misc_feat_iff,
          kennysheep_generic_room_6
D:4:      layout_basic, minmay_fractal_squares_gapless_5
D:5:      layout_basic, minmay_temple_entry_wispy
D:6:      layout_loops_ring, portal_sewer_entry_f, uniq_grinder,
          uniq_blork_the_orc
D:7:      layout_basic, nicolae_hepliaklqana_hazy_memory,
          gammafunk_temple_overflow_elements, nicolae_ru_awakened_eye,
          sigmund_edmund_badplayer
D:8:      layout_loops_ring, kennysheep_small_spiral, uniq_pikel
D:9:      layout_loops_ring, minmay_misc_feat_secret_circle, uniq_psyche,
          uniq_erica, uniq_prince_ribbit1

Skill      XL: |  1  2  3  4  5  6  7  8  9 10 |
---------------+-------------------------------+-----
Armour         | 1 2 3 4 5 6 |  6.5
Maces & Flails | 4 6 |  6.5
Short Blades   | 1 2 3 4 6 7 8 |  8.0
Fighting       | 4 5 6 7 |  7.3
Dodging        | 3 4 5 |  5.6
Stealth        | 3 4 |  4.3
Evocations     | 1 |  1.8
Throwing       | 1 |  1.1

Action                   |  1- 3 |  4- 6 |  7- 9 | 10-12 || total
-------------------------+-------+-------+-------+-------++-------
Melee: Mace              |    88 |       |    17 |   223 ||   328
       Punch             |     3 |     3 |     8 |     5 ||    19
       Dagger            |    12 |   226 |   676 |       ||   914
Throw: Dart              |       |       |    11 |    10 ||    21
Evoke: Wand              |       |       |    15 |     5 ||    20
  Use: Potion            |     2 |       |     9 |     1 ||    12
       Scroll            |       |       |    11 |       ||    11
 Stab: Sleeping          |     1 |     2 |     3 |     1 ||     7
Armor: Robe              |     9 |       |       |       ||     9
       Ring mail         |    36 |    85 |   326 |   153 ||   600
Dodge: Dodged            |    71 |   117 |   311 |   168 ||   667
